 Seeded DCSS version 0.28-a0-1387-g3a22ab9bdc (webtiles) character file.

Game seed: 20220103 (custom seed)

9 flotson the Ducker (level 2, 0/22 HPs)
             Began as a Demonspawn Gladiator on Jan 3, 2022.
             Slain by a gnoll (4 damage)
             ... on level 1 of the Dungeon.
             The game lasted 00:01:13 (312 turns).

flotson the Ducker (Demonspawn Gladiator)            Turns: 312, Time: 00:01:15

Health: 0/22       AC:  9    Str: 14    XL:     2   Next: 3%
Magic:  2/2        EV:  7    Int:  9    God:
Gold:   38         SH:  0    Dex: 14    Spells: 1/1 levels left

rFire   . . .      SeeInvis .   a - +0 flail
rCold   . . .      Faith    .   (no shield)
rNeg    . . .      Spirit   .   e - +0 scale mail
rPois   .          Reflect  .   b - +0 helmet
rElec   .          Harm     .   (no cloak)
rCorr   .          Rampage  .   (no gloves)
Will    .....                   (no boots)
Stlth   ..........              (no amulet)
HPRegen 0.07/turn               (no ring)
MPRegen 0.08/turn               (no ring)

@: constricted
A: thin metallic scales 1
a: no special abilities


You were on level 1 of the Dungeon.
You visited 1 branch of the dungeon, and saw 1 of its levels.

You collected 38 gold pieces.

Inventory:

Hand Weapons
 a - a +0 flail (weapon)
Missiles
 c - 44 sling bullets
 d - 3 throwing nets (quivered)
Armour
 b - a +0 helmet (worn)
 e - a +0 scale mail (worn)
Scrolls
 f - a scroll of magic mapping {unknown}


   Skills:
 + Level 2.1 Fighting
 + Level 2.8 Maces & Flails
 + Level 1.9 Throwing
 + Level 0.4 Armour
 + Level 2.8 Dodging


You had one spell level left.
You didn't know any spells.
Your spell library was empty.

Dungeon Overview and Level Annotations

Branches:
Dungeon (1/15)

Altars:


Innate Abilities, Weirdness & Mutations

You are partially covered in thin metallic scales. (AC +2)


Message History

The gnoll is lightly wounded.
The gnoll hits you but does no damage. The ball python bites you.
The ball python closely misses you.
You sock the gnoll!
The gnoll is severely wounded.
The gnoll completely misses you.
The ball python bites you but does no damage.
The ball python barely misses you.
You closely miss the gnoll.
The gnoll is severely wounded.
The ball python barely misses you. The ball python closely misses you.
The gnoll hits you with a +0 club. The ball python closely misses you. x2
The gnoll misses you.
You hit the gnoll.
The gnoll is almost dead.
The ball python bites you. The ball python grabs you.
The ball python constricts you. The gnoll hits you with a +0 club.
You are too injured to fight recklessly!
You are too injured to fight recklessly!
You are too injured to fight recklessly!
You are too injured to fight recklessly!
You are too injured to fight recklessly!
You are too injured to fight recklessly!
You are too injured to fight recklessly!
You are too injured to fight recklessly!
You are too injured to fight recklessly!
You are too injured to fight recklessly!
You barely miss the gnoll.
The gnoll is almost dead.
The ball python closely misses you. The ball python constricts you.
* * * LOW HITPOINT WARNING * * *
The gnoll hits you but does no damage. The ball python barely misses you.
The ball python constricts you.
You closely miss the gnoll.
The gnoll is almost dead.
The gnoll hits you with a +0 club.
* * * LOW HITPOINT WARNING * * *
The ball python bites you but does no damage.
The ball python constricts you. The gnoll hits you with a +0 club.
You die...

###### ##############
...... ............
#############........###
........................
#############........#
#....@g...#
#.....S......
#.....##..... #.....#
#... #...... .. #...####
. ### ##..# ..# #.# ..#


You could see a gnoll and a ball python.

Vanquished Creatures
  A bat (D:1)
  An endoplasm (D:1)
  2 hobgoblins (D:1)
  A kobold (D:1)
  A quokka (D:1)
  A rat (D:1)
7 creatures vanquished.

Notes
Turn   | Place    | Note
-------+----------+-------------------------------------------
     0 | D:1      | flotson the Demonspawn Gladiator began the quest for the
                  | Orb.
     0 | D:1      | Reached XP level 1. HP: 16/16 MP: 1/1
   196 | D:1      | Gained mutation: You are partially covered in thin metallic
                  | scales. (AC +2) [demonic ancestry]
   196 | D:1      | Reached XP level 2. HP: 16/22 MP: 2/2
   312 | D:1      | Slain by a gnoll

Illustrated notes

Levels and vault maps discovered:
D:1:      eino_arrival_cavern_a, layout_basic,
          dreamdust_ecumenical_altar_sealed_demon, serial_shops, shop_fountains

Action                   || total
-------------------------++-------
Melee: Flail             ||    26
Armor: Scale mail        ||    14
Dodge: Dodged            ||    16

Table legend: (Time is in decaauts)
 A = Elapsed time spent in this place.
 B = Non-inter-level travel time spent in this place.
 C = Inter-level travel time spent in this place.
 D = Time resting spent in this place.
 E = Time spent auto-exploring this place.
 F = Levels seen in this place.
 G = Mean time per level.
                   A        B        C        D        E       F      G
               +--------+--------+--------+--------+--------+-----+--------+
         Total |    318 |    318 |      0 |      0 |    226 |   1 |  318.0 |
       Dungeon |    318 |    318 |      0 |      0 |    226 |   1 |  318.0 |
               +--------+--------+--------+--------+--------+-----+--------+

Top non-repeatable levels by time:
     D:1: 318 daAuts
